 Dungeon Crawl Stone Soup version 0.24.0-125-gc4c63601f3 (webtiles) character file.

Game seed: 9014092956020220955, levelgen mode: deterministic

427 Jerry the Cudgeler (level 6, -15/42 HPs)
             Began as an Octopode Fighter on Mar 5, 2020.
             Demolished by an ogre
             ... wielding a +0 giant spiked club
              (26 damage)
             ... on level 4 of the Dungeon.
             The game lasted 00:10:02 (3533 turns).

Jerry the Cudgeler (Octopode Fighter)               Turns: 3533, Time: 00:10:03

Health: -15/42     AC:  1    Str: 16    XL:     6   Next: 97%
Magic:  6/6        EV: 14    Int: 11    God:
Gold:   89         SH:  0    Dex: 12    Spells: 5/5 levels left

rFire    . . .     SeeInvis .   o - +2 flail (holy)
rCold    . . .     Gourm    .   (no shield)
rNeg     . . .     Faith    .   (helmet restricted)
rPois    .         Spirit   .   (no amulet)
rElec    .         Reflect  .   e - ring of flight
rCorr    .         Harm     .   (no ring)
MR       .....                  (no ring)
Stlth    ++++......             (no ring)
HPRegen  0.14/turn              (no ring)
MPRegen  0.10/turn              (no ring)
                                (no ring)
                                (no ring)

@: no status effects
A: almost no armour, stealthy swim, amphibious, 8 rings, constrict 8, camouflage
1, gelatinous body 1
a: Evoke Flight


You were on level 4 of the Dungeon.
You were not hungry.

You visited 1 branch of the dungeon, and saw 4 of its levels.

You collected 89 gold pieces.

Inventory:

Hand Weapons
 o - a +2 flail of holy wrath (weapon)
Armour
 b - a +0 shield
Jewellery
 e - a ring of flight (left tentacle)
Scrolls
 c - 2 scrolls of enchant armour {unknown}
 g - 2 scrolls of remove curse {unknown}
 h - a scroll of random uselessness {unknown}
 j - a scroll of enchant weapon {unknown}
 k - 3 scrolls of identify {unknown}
 m - a scroll of teleportation {unknown}
Potions
 f - a potion of mutation {unknown}
 i - a potion of curing
 l - a potion of might
Comestibles
 d - 7 rations
 n - a chunk of flesh


   Skills:
 + Level 3.0 Fighting
 * Level 5.5 Maces & Flails
 + Level 4.0 Dodging
 - Level 4.6 Stealth
 + Level 3.3 Shields


You had 5 spell levels left.
You didn't know any spells.
Your spell library was empty.

Dungeon Overview and Level Annotations

Branches:
Dungeon (4/15)
 Temple: D:4-7

Altars:


Innate Abilities, Weirdness & Mutations

You cannot wear most types of armour.
You are very stealthy in the water. (Stealth+)
You are amphibious.
You can wear up to eight rings at the same time.
You can use your tentacles to constrict eight enemies at once.
Your skin changes colour to match your surroundings (Stealth+).
Your rubbery body absorbs attacks. (AC +1, EV +1)


Message History

What level of the Dungeon? (default 1, ? - help)
There is a stone staircase leading down here.
You climb downwards.
There is a stone staircase leading up here.
An ogre comes into view. It is wielding a +0 giant spiked club.
The ogre shouts!
You aren't carrying any items that you can evoke.
You barely miss the ogre. Your squeeze misses the ogre.
The ogre hits you with a +0 giant spiked club!!
Ouch! That really hurt!
* * * LOW HITPOINT WARNING * * *
You are too injured to fight recklessly!
You are too injured to fight recklessly!
You are too injured to fight recklessly!
You are too injured to fight recklessly!
You sock the ogre!
The ogre is heavily wounded.
The ogre hits you with a +0 giant spiked club!!
Ouch! That really hurt!
You die...

### #############.#
#<............#
#############.######
......O@..........
##########.#######
#... #####


You could see an ogre.

Vanquished Creatures
  Sigmund (D:2)
  An orc priest (D:3)
  Jessica (D:2)
  Terence (D:3)
  An orc wizard (D:3)
  Robin (D:2)
  3 gnolls (D:3)
  3 adders
  A worm (D:2)
  4 leopard geckos
  2 orcs (D:3)
  7 bats
  7 giant cockroaches
  16 goblins
  13 hobgoblins
  3 jackals (D:3)
  A quokka (D:3)
  2 ball pythons
  2 frilled lizards
  7 kobolds
  14 rats
  A plant (D:1)
92 creatures vanquished.

Vanquished Creatures (others)
  A plant (D:1)
1 creature vanquished.

Grand Total: 93 creatures vanquished

Notes
Turn   | Place    | Note
-------+----------+-------------------------------------------
     0 | D:1      | Jerry the Octopode Fighter began the quest for the Orb.
     0 | D:1      | Reached XP level 1. HP: 16/16 MP: 1/1
    38 | D:1      | Reached XP level 2. HP: 17/21 MP: 2/2
   598 | D:1      | Reached XP level 3. HP: 26/26 MP: 3/3
   828 | D:1      | Reached skill level 1 in Stealth
  1177 | D:2      | Noticed Sigmund
  1190 | D:2      | Killed Sigmund
  1190 | D:2      | Reached skill level 4 in Maces & Flails
  1190 | D:2      | Reached XP level 4. HP: 9/31 MP: 4/4
  1190 | D:2      | Reached XP level 5. HP: 11/36 MP: 5/5
  1414 | D:2      | Noticed Jessica
  1420 | D:2      | Killed Jessica
  1420 | D:2      | Reached XP level 6. HP: 42/42 MP: 6/6
  1427 | D:2      | Noticed Robin
  1565 | D:2      | Killed Robin
  2391 | D:3      | Noticed Terence
  2400 | D:3      | Killed Terence
  2400 | D:3      | Reached skill level 5 in Maces & Flails
  3533 | D:4      | Demolished by an ogre

Levels and vault maps discovered:
D:1:      nzn_arrival_water_spiral, layout_loops_ring, serial_bayou,
          serial_bayou_pond_a, serial_bayou_shore_b, serial_bayou_pond_b,
          serial_bayou_pond_c
D:2:      layout_loops_ring, nicolae_underground_beach, uniq_sigmund,
          uniq_robin, uniq_jessica
D:3:      layout_basic, minmay_stone_trees_small, uniq_terence
D:4:      layout_basic, minmay_temple_entry_enclosed_plants,
          gammafunk_ghost_grave, cheibrodos_ashenzari_chains

Skill      XL: |  1  2  3  4  5  6 |
---------------+-------------------+-----
Stealth        | 3 4 |  4.6
Maces & Flails | 4 5 |  5.5
Dodging        | 4 |  4.0
Fighting       | |  3.0
Shields        | |  3.3

Action                   |  1- 3 |  4- 6 || total
-------------------------+-------+-------++-------
Melee: Flail             |    69 |   103 ||   172
       Tentacles         |    13 |    14 ||    27
       Constrict         |    17 |    28 ||    45
  Use: Potion            |     1 |       ||     1
 Stab: Sleeping          |     8 |    11 ||    19
       Distracted        |       |     1 ||     1
  Eat: Chunk             |     1 |     7 ||     8
Armor: Skin              |     3 |     7 ||    10
Dodge: Dodged            |    31 |    60 ||    91
